 Dungeon Crawl Stone Soup version 0.20.1-1-g8b1a95d66d (webtiles) character file.

32279 Popi the Protected (level 14, -1/116 HPs)
             Began as a Human Fighter on Dec 20, 2017.
             Was a High Priest of Nemelex Xobeh.
             Slain by a spiny frog (10 damage)
             ... on level 6 of the Lair of Beasts on Dec 21, 2017.
             The game lasted 01:40:16 (21849 turns).

Popi the Protected (Human Fighter)                 Turns: 21849, Time: 01:40:17

Health: -1/116     AC: 29    Str: 21    XL:     14   Next: 1%
Magic:  22/22      EV:  9    Int:  9    God:    Nemelex Xobeh [*****.]
Gold:   1002       SH:  4    Dex: 16    Spells: 13/13 levels left

rFire    + + .     SeeInvis .   a - +1 scimitar (slice)
rCold    . . .     Gourm    .   (no shield)
rNeg     . . .     Faith    .   B - +0 plate armour
rPois    .         Spirit   .   U - +2 helmet
rElec    .         Reflect  .   Q - +2 cloak
rCorr    .         Harm     .   T - +1 pair of gloves {Dex+3}
MR       +....                  V - +2 pair of boots
Stlth    ..........             I - amulet of rage
Regen    0.3/turn               w - ring of protection from fire
MPRegen  0.2/turn               D - ring of protection from fire

@: no status effects
A: large bone plates 1, rugged brown scales 1
a: Triple Draw, Deal Four, Stack Five, Renounce Religion, Evoke Berserk Rage


You were on level 6 of the Lair of Beasts.
You worshipped Nemelex Xobeh.
Nemelex Xobeh was extremely pleased with you.
You were not hungry.

You visited 5 branches of the dungeon, and saw 20 of its levels.

You collected 1406 gold pieces.
You spent 404 gold pieces at shops.

Inventory:

Hand Weapons
 a - a +1 scimitar of slicing (weapon)
Armour
 g - a scarf of repulsion
 B - a +0 plate armour (worn)
 Q - a +2 cloak (worn)
 T - a +1 pair of gloves of dexterity (worn)
 U - a +2 helmet (worn)
 V - a +2 pair of boots (worn)
Jewellery
 w - a ring of protection from fire (left hand)
 D - a ring of protection from fire (right hand)
 I - an amulet of rage (around neck)
Wands
 f - a wand of acid (8/15)
 h - a wand of lightning (6/15)
 m - a wand of paralysis (14/24)
 q - a wand of flame (20/48)
 y - a wand of iceblast (12/15)
Scrolls
 c - 8 scrolls of enchant weapon
 k - 5 scrolls of teleportation
 l - 12 scrolls of remove curse
 p - 3 scrolls of identify
 G - a scroll of recharging
 H - 6 scrolls of magic mapping
 J - a scroll of enchant armour
 P - 3 scrolls of blinking
Potions
 b - 2 potions of heal wounds
 d - a potion of mutation
 i - 7 potions of flight
 j - 5 potions of curing
 r - 2 potions of haste
 t - 2 potions of ambrosia
 u - a potion of agility
 v - a potion of invisibility
 z - a potion of might
 A - a potion of resistance
 E - a potion of lignification
 Y - a potion of cancellation
Miscellaneous
 e - a plain deck of escape
 x - a plain deck of escape
 C - an ornate deck of destruction
 M - a legendary deck of destruction
 W - an ornate deck of summoning
 Z - an ornate deck of destruction {drawn: 8}
Comestibles
 n - a royal jelly
 o - 49 fruits
 s - 17 chunks of flesh


   Skills:
 - Level 11.0 Fighting
 - Level 11.0 Long Blades
 - Level 11.4 Armour
 + Level 4.5 Dodging
   Level 3.0 Shields
 - Level 7.3 Invocations
 - Level 10.7 Evocations


You had 13 spell levels left.
You didn't know any spells.

Dungeon Overview and Level Annotations

Branches:
Dungeon (11/15)            Temple (1/1) D:5            Lair (6/6) D:8
  Swamp (1/4) Lair:4       Spider (0/4) Lair:4          Orc (1/2) D:10
  Slime: Lair:5-6

Altars:
Ashenzari
Cheibriados
Dithmenos
Elyvilon
Fedhas
Gozag
Hepliaklqana
Kikubaaqudgha
Makhleb
Nemelex Xobeh
Okawaru
Qazlal
Ru
Sif Muna
Trog
Uskayaw
Vehumet
Xom
Yredelemnul
Zin
The Shining One

Shops:
D:11 [

Annotations:
Lair:2 pablusdiablus's ghost, journeyman TrBe


Innate Abilities, Weirdness & Mutations

You are partially covered in large bone plates. (SH +4)
You are partially covered in rugged brown scales. (AC +1, +3% HP)


Message History

The spiny frog stings you but does no damage.
You closely miss the spiny frog.
The spiny frog is moderately wounded.
The spiny frog stings you!
* * * LOW HITPOINT WARNING * * *
You hit the spiny frog.
The spiny frog is heavily wounded.
You feel sick.
The spiny frog stings you but does no damage.
You hit the spiny frog but do no damage.
The spiny frog is moderately wounded.
You feel sick. The spiny frog stings you!
* * * LOW HITPOINT WARNING * * *
You are lethally poisoned!
The spiny frog poisons you!
You feel better. The spiny frog stings you.
* * * LOW HITPOINT WARNING * * *
The spiny frog stings you!
You die...
Your body disappears without a glow.

...P............÷##
....P......<....†#
.....P.#........##
..............##.# ..
.......P......# #.#...
......P#....### ......
P.....P#....# ###.......
.P....P.....###..........
.#P........P@.#...........
#..........F.............
#....#..##.#P.#...........
#....###..##..............
..#. #...####.............
. # #....# ##.#..........
........ ##...........
......... ###..†......
.........# ###.......


You could see a spiny frog.

Vanquished Creatures
  Snorg (Lair:4)
  A hydra (Lair:4)
  The ghost of tehanu the Fighter, a novice MiBe of Trog (D:7)
  A fire crab (Lair:4)
  A lindwurm (Lair:5)
  9 elephants
  2 black mambas
  An eye of devastation (Lair:5)
  8 spiny frogs
  A gargoyle (D:11)
  2 rime drakes
  A komodo dragon (Lair:2)
  A hornet (Lair:4)
  A tyrant leech (Lair:4)
  Prince Ribbit (D:6)
  A troll (D:9)
  7 hippogriffs
  A redback (Lair:6)
  A wraith (D:10)
  A wyvern (Lair:1)
  A shadow (D:11)
  20 yaks
  Grum (D:8)
  A steam dragon (Lair:5)
  2 basilisks
  A warg (Orc:1)
  2 insubstantial wisps (Lair:4)
  9 water moccasins
  2 orc warriors
  10 porcupines
  2 black bears
  3 sky beasts
  An eye of draining (D:11)
  3 phantoms
  2 ogres
  6 wolves
  3 centaurs
  8 crocodiles
  A big kobold (D:9)
  13 bullfrogs
  A water moccasin skeleton (D:9)
  4 scorpions
  A wight (D:11)
  2 howler monkeys
  7 crimson imps
  3 centaur skeletons
  5 orc priests
  5 hounds
  8 orc wizards
  Terence (D:3)
  5 iguanas
  15 worker ants
  A killer bee zombie (D:5)
  2 worker ant zombies
  4 gnolls
  9 adders
  A shadow imp (D:7)
  A white imp (D:4)
  An adder skeleton (D:4)
  2 worms
  4 dart slugs
  7 leopard geckos
  37 orcs
  4 ball pythons
  5 bats
  7 giant cockroaches
  6 goblins
  4 hobgoblins (D:1)
  10 jackals
  6 frilled lizards
  3 goblin zombies (D:4)
  A hobgoblin zombie (D:4)
  A jackal skeleton (D:4)
  6 kobolds
  A kobold skeleton (D:4)
  A kobold zombie (D:4)
  An orc skeleton (D:4)
  2 quokka skeletons
  7 rats
  A plant (Lair:3)
326 creatures vanquished.

Vanquished Creatures (collateral kills)
  An ettin (Lair:3)
  Josephine (D:10)
  The ghost of Popi the Carver, a journeyman HuFi of the Shining One (D:10)
  A two-headed ogre (D:10)
  Urug (Lair:3)
  An unseen horror (D:10)
  A manticore (D:11)
  Maurice (D:8)
  3 elephants
  Joseph (D:10)
  3 spiny frogs
  7 rime drakes
  Grinder (D:6)
  A hippogriff (Lair:4)
  2 wraiths (D:10)
  17 yaks
  A hungry ghost (D:10)
  7 steam dragons (Lair:5)
  A warg (D:10)
  A swamp worm (D:8)
  An acid dragon (D:8)
  2 water moccasins
  2 porcupines
  Duvessa (D:6)
  A black bear (D:8)
  A wolf (Lair:4)
  A centaur (D:6)
  A crocodile (Lair:1)
  3 bullfrogs
  Dowan (D:6)
  8 wights
  A crimson imp (D:10)
  A hound (D:6)
  Crazy Yiuf (D:6)
  2 orc wizards (D:4)
  A worker ant (D:10)
  An adder (D:10)
  A shadow imp (D:8)
  2 orcs (D:4)
  A hobgoblin zombie (D:4)
  A fungus (Lair:3)
  A plant (Lair:5)
88 creatures vanquished.

Vanquished Creatures (others)
  2 vampire mosquitoes (D:10)
  An ogre (D:4)
  An orc wizard (D:10)
  A ball lightning (D:11)
  3 orcs (D:10)
  A bush (Lair:3)
  25 fungi
  53 plants
87 creatures vanquished.

Grand Total: 501 creatures vanquished

Notes
Turn   | Place    | Note
-------+----------+-------------------------------------------
     0 | D:1      | Popi the Human Fighter began the quest for the Orb.
     0 | D:1      | Reached XP level 1. HP: 18/18 MP: 1/1
   302 | D:1      | Reached XP level 2. HP: 24/24 MP: 2/2
   541 | D:1      | Reached XP level 3. HP: 30/30 MP: 3/3
  1437 | D:2      | Reached XP level 4. HP: 37/37 MP: 4/4
  1719 | D:3      | Found an ancient bone altar of Kikubaaqudgha.
  1721 | D:3      | Found a blossoming altar of Fedhas.
  2022 | D:3      | Found a glowing silver altar of Zin.
  2056 | D:3      | Found a sparkling altar of Nemelex Xobeh.
  2096 | D:3      | Became a worshipper of Nemelex Xobeh the Trickster
  2105 | D:3      | Noticed Terence
  2128 | D:3      | Killed Terence
  2128 | D:3      | Reached XP level 5. HP: 18/42 MP: 5/5
  2549 | D:3      | Found a white marble altar of Elyvilon.
  2909 | D:4      | Received a gift from Nemelex Xobeh
  2962 | D:4      | Reached XP level 6. HP: 24/49 MP: 6/6
  3214 | D:4      | Reached skill level 1 in Invocations
  3756 | D:3      | Reached XP level 7. HP: 45/55 MP: 9/9
  4288 | D:4      | Received a gift from Nemelex Xobeh
  4292 | D:4      | Noticed an insubstantial wisp
  4581 | D:4      | Reached skill level 5 in Long Blades
  4625 | D:4      | Reached skill level 5 in Fighting
  4869 | D:4      | Found a glowing golden altar of the Shining One.
  5228 | D:5      | Entered Level 5 of the Dungeon
  5244 | D:5      | Found a staircase to the Ecumenical Temple.
  5397 | D:5      | Reached skill level 5 in Armour
  5399 | D:5      | Reached XP level 8. HP: 46/62 MP: 10/10
  5678 | D:5      | Reached * piety under Nemelex Xobeh
  5892 | D:5      | Reached skill level 1 in Dodging
  7011 | D:6      | Found an iron altar of Okawaru.
  7175 | D:6      | Reached XP level 9. HP: 48/68 MP: 12/12
  7180 | D:6      | Noticed Grinder
  7235 | D:6      | Paralysed by Grinder for 5 turns
  7251 | D:6      | Killed Grinder
  7268 | D:6      | Noticed Prince Ribbit
  7292 | D:6      | Killed Prince Ribbit
  7308 | D:6      | Noticed Duvessa
  7314 | D:6      | Killed Duvessa
  7315 | D:6      | Noticed Dowan
  7315 | D:6      | Killed Dowan
  7546 | D:6      | Received a gift from Nemelex Xobeh
  7606 | D:6      | Found a runed door.
  7839 | D:6      | Noticed Crazy Yiuf
  7843 | D:6      | Killed Crazy Yiuf
  8317 | D:7      | Reached ** piety under Nemelex Xobeh
  8437 | D:7      | Noticed tehanu's ghost (novice MiBe)
  8507 | D:7      | Received a gift from Nemelex Xobeh
  8544 | D:7      | Killed tehanu's ghost
  8544 | D:7      | Reached XP level 10. HP: 51/77 MP: 13/13
  8858 | D:7      | Gained mutation: You are weak. (Str -2) [mutagenic meat]
  8859 | D:7      | Gained mutation: You are partially covered in molten scales. (AC +2) [mutagenic meat]
  9296 | D:8      | Noticed Maurice
  9412 | D:8      | Reached skill level 5 in Evocations
  9781 | D:8      | Found a staircase to the Lair.
  9880 | D:8      | Noticed a two-headed ogre
  9888 | D:8      | Noticed a death drake
  9888 | D:8      | a two-headed ogre changed into a death drake
  9889 | D:8      | a death drake changed into a swamp worm
 10152 | D:8      | Killed Maurice
 10230 | D:8      | Found a hide-covered altar of Uskayaw.
 10232 | D:8      | Found a basalt altar of Yredelemnul.
 10233 | D:8      | Found a burning altar of Makhleb.
 10377 | D:8      | Identified a scroll of acquirement
 10445 | D:9      | Received a gift from Nemelex Xobeh
 10453 | D:9      | Noticed Grum
 10568 | Temple   | Entered the Ecumenical Temple
 10643 | Temple   | Reached *** piety under Nemelex Xobeh
 10882 | Temple   | Lost mutation: You are weak. (Str -2) [potion of mutation]
 10882 | Temple   | Lost mutation: You are partially covered in molten scales. (AC +2) [potion of mutation]
 10882 | Temple   | Gained mutation: You are frail. (-10% HP) [potion of mutation]
 10882 | Temple   | Gained mutation: Your body sometimes deteriorates upon taking damage. [potion of mutation]
 10882 | Temple   | Gained mutation: You can translocate small distances at will. [potion of mutation]
 10882 | Temple   | Gained mutation: Your flesh is cold resistant. (rC+) [potion of mutation]
 10883 | Temple   | Lost mutation: You can translocate small distances at will. [potion of mutation]
 10883 | Temple   | Lost mutation: Your body sometimes deteriorates upon taking damage. [potion of mutation]
 10883 | Temple   | Lost mutation: You are frail. (-10% HP) [potion of mutation]
 10883 | Temple   | Lost mutation: Your flesh is cold resistant. (rC+) [potion of mutation]
 10883 | Temple   | Gained mutation: You are partially covered in large bone plates. (SH +4) [potion of mutation]
 10883 | Temple   | Gained mutation: You are partially covered in rugged brown scales. (AC +1, +3% HP) [potion of mutation]
 10990 | D:8      | Killed Grum
 11123 | D:9      | Found an opulent altar of Gozag.
 11306 | D:9      | Found a hazy altar of Hepliaklqana.
 11307 | D:9      | Found a shimmering altar of Xom.
 11307 | D:9      | Noticed a Killer Klown
 11308 | D:9      | Noticed a spectral ugly thing
 11308 | D:9      | Noticed a Killer Klown
 11424 | D:9      | Received a gift from Nemelex Xobeh
 12010 | D:10     | Entered Level 10 of the Dungeon
 12085 | D:10     | Found an iron altar of Okawaru.
 12099 | D:10     | Reached XP level 11. HP: 74/88 MP: 15/15
 12261 | D:10     | Noticed Josephine
 12269 | D:10     | Noticed Joseph
 12285 | D:10     | Killed Josephine
 12289 | D:10     | Killed Joseph
 12317 | D:10     | Noticed Popi's ghost (journeyman HuFi)
 12347 | D:10     | Killed Popi's ghost
 12430 | D:10     | Killed an unseen horror
 12478 | D:10     | Noticed a two-headed ogre
 12491 | D:10     | Killed a two-headed ogre
 12628 | D:10     | Found a staircase to the Orcish Mines.
 13042 | Orc:1    | Entered Level 1 of the Orcish Mines
 13042 | Orc:1    | Reached **** piety under Nemelex Xobeh
 13048 | Orc:1    | Noticed a cyclops
 13587 | D:11     | Noticed a manticore
 13602 | D:11     | Killed a manticore
 13880 | D:11     | Received a gift from Nemelex Xobeh
 13907 | D:11     | Found Ycanis's Antique Armour Shoppe.
 13916 | D:11     | Bought a pair of runed gloves for 202 gold pieces
 13926 | D:11     | Bought a runed helmet for 202 gold pieces
 14552 | Lair:1   | Entered Level 1 of the Lair of Beasts
 14760 | Lair:1   | Reached skill level 10 in Long Blades
 15009 | Lair:1   | Reached XP level 12. HP: 79/97 MP: 18/18
 15016 | Lair:1   | Reached skill level 5 in Invocations
 15615 | Lair:2   | Reached ***** piety under Nemelex Xobeh
 15739 | Lair:2   | Received a gift from Nemelex Xobeh
 16021 | Lair:2   | Noticed pablusdiablus's ghost (journeyman TrBe)
 16599 | Lair:2   | Received a gift from Nemelex Xobeh
 16777 | Lair:3   | Found a labyrinth entrance.
 16787 | Lair:3   | Reached skill level 10 in Fighting
 16997 | Lair:3   | Noticed an eight-headed hydra
 17011 | Lair:3   | Noticed an ettin
 17011 | Lair:3   | an eight-headed hydra changed into an ettin
 17011 | Lair:3   | Killed an ettin
 17024 | Lair:3   | Noticed Urug
 17046 | Lair:3   | Killed Urug
 17465 | Lair:3   | Received a gift from Nemelex Xobeh
 17940 | Lair:4   | Noticed a fire crab
 17976 | Lair:4   | Killed a fire crab
 18307 | Lair:3   | Reached skill level 10 in Armour
 18307 | Lair:3   | Reached XP level 13. HP: 91/106 MP: 20/20
 18508 | Lair:4   | Received a gift from Nemelex Xobeh
 18521 | Lair:4   | Reached skill level 10 in Evocations
 18537 | Lair:4   | Noticed Snorg
 18734 | Lair:4   | Killed Snorg
 18805 | Lair:4   | Found a hole to the Spider Nest.
 19413 | Lair:4   | Received a gift from Nemelex Xobeh
 19418 | Lair:4   | Found a staircase to the Swamp.
 19561 | Lair:4   | Noticed a six-headed hydra
 20015 | Lair:4   | Killed a ten-headed hydra
 20063 | Swamp:1  | Entered Level 1 of the Swamp
 20065 | Swamp:1  | Noticed a four-headed hydra
 20125 | Lair:5   | Received a gift from Nemelex Xobeh
 20640 | Lair:5   | Received a gift from Nemelex Xobeh
 21000 | Lair:5   | Noticed a catoblepas
 21008 | Lair:5   | Noticed an emperor scorpion
 21008 | Lair:5   | a catoblepas changed into an emperor scorpion
 21016 | Lair:5   | an emperor scorpion changed into an eye of devastation
 21343 | Lair:6   | Entered Level 6 of the Lair of Beasts
 21343 | Lair:6   | Received a gift from Nemelex Xobeh
 21830 | Lair:6   | Reached XP level 14. HP: 73/116 MP: 22/22
 21849 | Lair:6   | Slain by a spiny frog

Skill      XL: |  1  2  3  4  5  6  7  8  9 10 11 12 13 |
---------------+----------------------------------------+-----
Fighting       | 4 5 6 8 9 10 11 | 11.0
Long Blades    | 3 4 5 6 7 8 10 11 | 11.0
Armour         | 4 5 6 8 10 11 | 11.4
Invocations    | 3 4 6 7 |  7.3
Dodging        | 3 4 |  4.5
Evocations     | 4 5 8 9 10 | 10.7
Shields        | |  3.0

Action                   |  1- 3 |  4- 6 |  7- 9 | 10-12 | 13-15 || total
-------------------------+-------+-------+-------+-------+-------++-------
Melee: Long sword        |    89 |   174 |   362 |   124 |       ||   749
       Scimitar          |       |       |       |   573 |   383 ||   956
 Abil: Evoke Berserk Rag |       |       |       |       |     1 ||     1
Evoke: Deck              |       |     2 |    14 |    34 |    19 ||    69
       Wand              |       |       |       |     8 |     7 ||    15
       Sack of spiders   |       |       |       |       |     1 ||     1
  Use: Potion            |       |     1 |       |    13 |     4 ||    18
       Scroll            |       |       |     6 |    13 |     6 ||    25
 Stab: Distracted        |       |       |     1 |     2 |     2 ||     5
       Paralysed         |       |       |       |       |     4 ||     4
  Eat: Chunk             |     1 |     7 |    17 |    31 |    14 ||    70
       Fruit             |       |       |       |     2 |       ||     2
Armor: Scale mail        |    44 |    78 |    70 |       |       ||   192
       Plate armour      |       |       |   128 |   465 |   290 ||   883
Dodge: Dodged            |    49 |    98 |   137 |   233 |   161 ||   678
Block: Other             |       |       |       |    83 |    61 ||   144
       Rpst.: Long sword |    12 |    28 |    64 |    12 |       ||   116
       Scimitar          |       |       |       |    45 |    36 ||    81
